 Dungeon Crawl Stone Soup version 0.17-a0-1194-gc654e57 (webtiles) character file.

65622 AnnoyedKobold the Spry (level 15, -17/85 HPs)
             Began as a Kobold Assassin on June 2, 2015.
             Was a High Priest of Dithmenos.
             Shot with an arrow by a naga sharpshooter (22 damage)
             ... on level 1 of the Snake Pit.
             The game lasted 02:24:52 (36040 turns).

AnnoyedKobold the Spry (Kobold Assassin)           Turns: 36040, Time: 02:24:53

Health: -17/85     AC:  9    Str:  9    XL:     15   Next: 58%
Magic:  21/25      EV: 38    Int:  9    God:    Dithmenos [*****.]
Gold:   389        SH:  0    Dex: 27    Spells: 3 memorised, 18 levels left

rFire  + . .     SeeInvis .     F - +4 dagger (drain)
rCold  . . .     Clarity  .     M - +2 robe {MR+}
rNeg   + . .     SustAt   .     (shield restricted)
rPois  .         Gourm    .     E - +0 helmet
rElec  .         Spirit   .     x - +0 cloak
rCorr  .         Warding  +     T - +0 pair of gloves
rMut   .         Stasis   .     r - +0 pair of boots
MR     ++...                    s - amulet of warding
Stlth  ++++++++++               Z - ring of protection from fire
                                U - +4 ring of dexterity

@: wreathed by umbra, very resistant to hostile enchantments, uncannily stealthy
A: rugged brown scales 1, carnivore 3, robust 1, weak 1
a: Shadow Step, Shadow Form, Renounce Religion


You were on level 1 of the Snake Pit.
You worshipped Dithmenos.
Dithmenos was extremely pleased with you.
You were not hungry.

You visited 5 branches of the dungeon, and saw 26 of its levels.
You also visited: Bailey.

You collected 2385 gold pieces.
You spent 1996 gold pieces at shops.

Inventory:

Hand weapons
 d - a +2 dagger of venom
 F - a +4 dagger of draining (weapon)
 H - a +4 blowgun
 I - a +5 dagger of holy wrath
Missiles
 e - 122 poisoned needles
 f - 28 curare-tipped needles
Armour
 r - a +0 pair of boots (worn)
 x - a +0 cloak (worn)
 E - a +0 helmet (worn)
 M - a +2 robe of magic resistance (worn)
 T - a +0 pair of gloves (worn)
Rods
 G - a +1 rod of inaccuracy (10/10)
   (You found it on level 6 of the Lair of Beasts)
Jewellery
 s - an amulet of warding (around neck)
 P - an uncursed ring of sustain attributes
 U - a +4 ring of dexterity (left hand)
 W - an uncursed ring of protection from magic
 Z - a ring of protection from fire (right hand)
Scrolls
 b - 2 scrolls of identify
 i - 4 scrolls of recharging
 o - 3 scrolls of fog
 p - 8 scrolls of amnesia
 q - 2 scrolls of magic mapping
 u - 8 scrolls of remove curse
 w - 3 scrolls of fear
 L - a scroll of holy word
 N - a scroll of silence
Potions
 c - 3 potions of resistance
 j - 6 potions of curing
 l - a potion of agility
 m - 4 potions of invisibility
 t - 5 potions of brilliance
 C - a potion of might
 D - 7 potions of flight
Books
 a - an Akashic Record This book is beyond your current level of understanding.

   Spells                             Type                      Level
   a - Dispersal                      Translocation                6
   b - Controlled Blink               Translocation                7
   c - Malign Gateway                 Summoning/Translocation      7
   d - Disjunction                    Translocation                8
   e - Singularity                    Translocation                9
 S - a book of Spatial Translocations

   Spells                             Type                      Level
   a - Apportation                    Translocation                1
   b - Blink                          Translocation                2
   c - Shroud of Golubria             Charms/Translocation         2
   d - Portal Projectile              Translocation                3
   e - Teleport Other                 Translocation                3
   f - Passage of Golubria            Translocation                4
Comestibles
 g - 7 meat rations
 h - 3 royal jellies
 k - 4 beef jerkies
 v - 9 slices of pizza


   Skills:
 - Level 2.1 Fighting
 - Level 7.9 Short Blades
 - Level 4.2 Throwing
 - Level 20.0 Dodging
 - Level 18.0 Stealth
 + Level 6.7 Spellcasting
 - Level 2.2 Summonings
 + Level 7.4 Translocations
 - Level 2.1 Invocations
 - Level 6.8 Evocations


You had 18 spell levels left.
You knew the following spells:

 Your Spells              Type           Power        Failure   Level  Hunger
a - Aura of Abjuration    Summ           #.........   100%        5    ######.
b - Blink                 Tloc           N/A          1%          2    ##.....
c - Shroud of Golubria    Chrm/Tloc      #.........   10%         2    ##.....


Dungeon Overview and Level Annotations

Branches:
Dungeon (14/15)            Temple (1/1) D:6            Lair (6/8) D:9
  Swamp (0/4) Lair:5        Snake (1/4) Lair:4          Orc (4/4) D:9
    Elf (0/3) Orc:4        Vaults (0/5) D:13
  Slime: Lair:6-8

Altars:
Ashenzari
Cheibriados
Dithmenos
Elyvilon
Fedhas
Gozag
Kikubaaqudgha
Makhleb
Nemelex Xobeh
Okawaru
Qazlal
Ru
Sif Muna
Trog
Vehumet
Xom
Yredelemnul
Zin
The Shining One
Beogh

Shops:
D:4 }   D:8 !   Orc:4 =?:%

Portals:
Trove: D:11 (give +5 fire dragon armour)

Annotations:
D:8 Prince Ribbit
D:9 Lair, Joseph
D:14 Agnes


Innate Abilities, Weirdness & Mutations

You are small and have problems with some larger weapons.
You are carnivorous and can eat meat at any time.
You are partially covered in rugged brown scales (AC +1, +3% HP).
You are robust (+10% HP).
You are weak. (Str -2)


Message History

You feel better.
The naga mage points at you and mumbles some strange words.
You resist with almost no effort. The naga mage spits poison at you.
The splash of poison misses you.
The naga sharpshooter mumbles some strange words.
The naga sharpshooter magically shoots an arrow.
The arrow hits you!
* * * LOW HITPOINT WARNING * * *
You see here 2 arrows.
The naga sharpshooter gestures wildly while chanting.
The naga sharpshooter magically shoots an arrow.
The arrow hits you!!
* * * LOW HITPOINT WARNING * * *
Found a fruit.
You see here 2 arrows.
The naga sharpshooter gestures wildly while chanting.
The naga sharpshooter magically shoots an arrow.
The arrow hits you!!
You die...

..............#
%.###........#
%..% #.#####..#
%%..##†########
PP..........#
%%..........#
............#
..........(.#
....#....@..#
...###...(..# ###
#####N## #(.#
#..# #.N# #NN#
#########..#####
#.......(........


You could see a naga sharpshooter, a naga mage and 2 nagas.

Vanquished Creatures
  Rupert (D:12)
  Maud (Lair:4)
  6 vault guards (D:13)
  7 hydras
  A naga warrior (Snake:1)
  A centaur warrior (D:13)
  3 ogre magi (Orc:4)
  7 death yaks
  A tengu warrior (D:12)
  Urug (Lair:4)
  A naga sharpshooter (Snake:1)
  A shock serpent (Snake:1)
  Sonja (D:12)
  An ugly thing (D:11)
  Pikel (D:9)
  A hill giant (D:10)
  A manticore (D:12)
  A griffon (Lair:6)
  4 elephants (Lair:5)
  A cyclops (D:11)
  2 centaur zombies (D:13)
  4 black mambas
  Psyche (D:8)
  2 naga magi (Snake:1)
  A gargoyle (D:10)
  4 kobold demonologists (D:12)
  7 spiny frogs
  A fire drake (Lair:2)
  A wandering mushroom (Lair:5)
  2 trolls
  A polar bear (Lair:3)
  13 two-headed ogres
  3 slime creatures (D:13)
  A shadow (D:13)
  2 ravens
  A spriggan (Lair:2)
  11 blink frogs
  A wyvern (D:13)
  19 yaks
  2 basilisks
  4 hungry ghosts
  4 deep elf magi
  2 wargs
  A hog (D:7)
  A human (D:7)
  3 wolves
  13 hippogriffs
  A steam dragon (D:13)
  An insubstantial wisp (Lair:5)
  4 nagas (Lair:4)
  11 water moccasins
  Duvessa (D:6)
  A phantom (D:9)
  10 porcupines
  6 sky beasts
  A necrophage (D:9)
  6 ice beasts
  A black bear (Lair:2)
  3 slaves (D:9)
  22 centaurs
  31 ogres
  20 orc warriors
  11 crocodiles
  A wyvern zombie (D:11)
  7 big kobolds
  18 giant frogs
  Dowan (D:6)
  2 wyvern skeletons
  4 scorpions
  2 water moccasin skeletons
  4 wights (D:12)
  3 giant frog zombies
  4 hounds
  17 orc priests
  10 crimson imps
  3 giant frog skeletons
  A quasit (D:11)
  2 jellies
  Jessica (D:8)
  12 iguanas
  11 worker ants
  26 orc wizards
  22 sheep
  A killer bee zombie (D:11)
  3 hound skeletons
  2 worker ant zombies
  45 river rats
  14 gnolls
  15 adders
  4 shadow imps
  An adder zombie (D:10)
  An adder skeleton (D:4)
  155 orcs
  4 ball pythons
  A bat skeleton (D:5)
  3 giant cockroaches
  26 goblins
  33 hobgoblins
  A jackal (D:3)
  28 kobolds
  2 quokkas
  A ball python skeleton (D:4)
  10 bats
  10 giant geckos
  2 giant gecko skeletons
  4 giant newts
  2 quokka skeletons
  A quokka zombie (D:5)
  13 rats
812 creatures vanquished.

Vanquished Creatures (others)
  An anaconda (Snake:1)
  An ogre mage (Orc:4)
  A slave (D:9)
  A centaur (D:9)
  4 fungi
8 creatures vanquished.

Grand Total: 820 creatures vanquished

Notes
Turn   | Place    | Note
--------------------------------------------------------------
     0 | D:1      | AnnoyedKobold the Kobold Assassin began the quest for the Orb.
     0 | D:1      | Reached XP level 1. HP: 12/12 MP: 1/1
    54 | D:1      | Reached XP level 2. HP: 4/17 MP: 2/2
   767 | D:1      | Reached XP level 3. HP: 21/21 MP: 3/3
  1470 | D:2      | Found a burning altar of Makhleb.
  1566 | D:2      | Reached XP level 4. HP: 26/26 MP: 4/4
  1663 | D:2      | Found a snail-covered altar of Cheibriados.
  1736 | D:3      | Reached skill level 5 in Dodging
  1753 | D:3      | Reached XP level 5. HP: 27/30 MP: 5/5
  2186 | D:3      | Found an ancient bone altar of Kikubaaqudgha.
  2188 | D:3      | Found a shimmering altar of Xom.
  2463 | D:4      | Reached skill level 6 in Dodging
  2654 | D:4      | Reached XP level 6. HP: 30/35 MP: 6/6
  2677 | D:4      | Noticed a centaur
  2696 | D:4      | Killed a centaur
  2696 | D:4      | Reached skill level 7 in Dodging
  3499 | D:4      | Noticed a phantom
  3577 | D:4      | Found Toreiss's Gadget Boutique.
  3610 | D:4      | Bought a wand of paralysis (2) for 48 gold pieces
  3621 | D:4      | Reached skill level 8 in Dodging
  3621 | D:4      | Reached XP level 7. HP: 19/40 MP: 7/7
  3623 | D:5      | Entered Level 5 of the Dungeon
  4168 | D:5      | Found a white marble altar of Elyvilon.
  4224 | D:5      | Reached skill level 9 in Dodging
  4721 | D:6      | Found a staircase to the Ecumenical Temple.
  4726 | Temple   | Entered the Ecumenical Temple
  4942 | D:6      | Noticed Duvessa
  4942 | D:6      | Noticed Dowan
  4954 | D:6      | Killed Duvessa
  5033 | D:6      | Reached XP level 8. HP: 44/44 MP: 8/8
  5039 | D:6      | Found a bloodstained altar of Trog.
  5066 | D:6      | Reached skill level 10 in Dodging
  5203 | D:6      | Killed Dowan
  5605 | D:6      | Reached skill level 11 in Dodging
  5705 | D:6      | Found a shadowy altar of Dithmenos.
  5714 | D:6      | Became a worshipper of Dithmenos the Shadowed
  5894 | D:6      | Found a stormy altar of Qazlal.
  6394 | D:7      | Reached skill level 12 in Dodging
  6394 | D:7      | Reached XP level 9. HP: 45/48 MP: 9/9
  6590 | D:7      | HP: 2/48 [sky beast (6)]
  6599 | D:7      | Gained mutation: You are agile. (Dex +2) [mutagenic meat]
  7078 | D:7      | Found a shadowy altar of Dithmenos.
  7259 | D:7      | Reached skill level 10 in Stealth
  7551 | D:8      | Found Anarer's Distillery.
  7551 | D:8      | Noticed Prince Ribbit
  7924 | D:8      | Noticed Psyche
  7952 | D:8      | Killed Psyche
  7952 | D:8      | Reached XP level 10. HP: 53/53 MP: 10/10
  8101 | D:8      | Noticed Jessica
  8110 | D:8      | Killed Jessica
  8118 | D:8      | Found a deep blue altar of Sif Muna.
  8535 | D:8      | Bought a potion of poison for 15 gold pieces
  8535 | D:8      | Bought a potion of heal wounds for 75 gold pieces
  8535 | D:8      | Bought a potion of degeneration for 15 gold pieces
  8535 | D:8      | Bought a potion of mutation for 37 gold pieces
  8535 | D:8      | Bought a potion of curing for 45 gold pieces
  8535 | D:8      | Bought a potion of curing for 45 gold pieces
  8535 | D:8      | Bought a potion of agility for 60 gold pieces
  8593 | D:8      | Reached skill level 13 in Stealth
  9322 | D:9      | Reached skill level 14 in Stealth
  9331 | D:9      | Acquired Dithmenos's first power
  9545 | D:9      | Found an opulent altar of Gozag.
  9549 | D:9      | Found a roughly hewn altar of Beogh.
  9549 | D:9      | Found a staircase to the Orcish Mines.
 10383 | D:9      | Found a sparkling altar of Nemelex Xobeh.
 10414 | D:9      | Reached skill level 15 in Stealth
 10748 | D:9      | Found a glowing golden altar of the Shining One.
 10750 | D:9      | Noticed an angel
 10762 | D:9      | Found a basalt altar of Yredelemnul.
 10765 | D:9      | Noticed a profane servitor
 10792 | D:9      | Found a staircase to the Lair.
 10796 | D:9      | Acquired Dithmenos's second power
 11069 | D:9      | Noticed Pikel
 11071 | D:9      | Noticed Joseph
 11181 | D:9      | Killed Pikel
 11181 | D:9      | Reached skill level 16 in Stealth
 11251 | D:9      | Reached XP level 11. HP: 35/57 MP: 11/11
 11460 | D:10     | Entered Level 10 of the Dungeon
 11465 | D:10     | Noticed a hill giant
 11469 | D:10     | Killed a hill giant
 11476 | D:10     | Learned a level 5 spell: Aura of Abjuration
 11488 | D:10     | Reached skill level 1 in Short Blades
 11488 | D:10     | Reached skill level 1 in Summonings
 11575 | D:10     | Found a staircase to the Orcish Mines.
 11969 | D:10     | Learned a level 2 spell: Blink
 11983 | D:10     | Reached skill level 1 in Spellcasting
 11983 | D:10     | Reached skill level 1 in Translocations
 12566 | D:11     | Found a portal to a secret trove of treasure.
 12684 | D:11     | Acquired Dithmenos's third power
 12826 | D:11     | Noticed a six-headed hydra
 12833 | D:11     | Killed a six-headed hydra
 13398 | D:11     | Noticed a cyclops
 13683 | D:11     | Killed a cyclops
 13822 | D:11     | Noticed a cyan ugly thing
 13828 | D:11     | Killed a cyan ugly thing
 14216 | D:11     | Reached skill level 5 in Translocations
 14349 | D:12     | Found a flagged portal.
 14349 | D:12     | Noticed a manticore
 14435 | D:12     | Killed a manticore
 14519 | D:12     | Reached XP level 12. HP: 48/62 MP: 19/19
 14572 | Bailey   | Entered a bailey
 14599 | Bailey   | Reached skill level 5 in Spellcasting
 15292 | Lair:1   | Entered Level 1 of the Lair of Beasts
 15845 | Lair:1   | Noticed a four-headed hydra
 15850 | Lair:1   | Killed a four-headed hydra
 16193 | Lair:2   | Reached skill level 5 in Short Blades
 16345 | Lair:2   | Learned a level 2 spell: Shroud of Golubria
 17616 | Lair:3   | Identified Qarren's Incunabulum of Enhancements and the Compass
 17731 | Lair:3   | Noticed a four-headed hydra
 17750 | Lair:3   | Gained mutation: You can breathe flames. [potion of mutation]
 17750 | Lair:3   | Gained mutation: You tend to lose your temper in combat. [potion of mutation]
 17868 | Lair:2   | Killed a four-headed hydra
 18073 | Lair:3   | Lost mutation: You tend to lose your temper in combat. [potion of cure mutation]
 18073 | Lair:3   | Lost mutation: You can breathe flames. [potion of cure mutation]
 18073 | Lair:3   | Lost mutation: You are agile. (Dex +2) [potion of cure mutation]
 18086 | Lair:3   | Gained mutation: You are robust (+10% HP). [potion of mutation]
 18086 | Lair:3   | Gained mutation: You are partially covered in rugged brown scales (AC +1, +3% HP). [potion of mutation]
 18086 | Lair:3   | Gained mutation: You are weak. (Str -2) [potion of mutation]
 18901 | Lair:3   | Noticed a four-headed hydra
 18906 | Lair:3   | Killed a four-headed hydra
 19162 | Lair:4   | Reached XP level 13. HP: 74/74 MP: 21/21
 19330 | Lair:4   | Found a staircase to the Snake Pit.
 19607 | Lair:4   | Noticed Urug
 19614 | Lair:4   | Killed Urug
 19614 | Lair:4   | Reached skill level 15 in Dodging
 19644 | Lair:4   | Noticed Maud
 20213 | Lair:4   | Killed Maud
 21103 | Lair:5   | Found a staircase to the Swamp.
 21682 | Lair:5   | Reached skill level 17 in Dodging
 23028 | Lair:6   | Reached skill level 18 in Dodging
 23207 | Lair:6   | Reached XP level 14. HP: 50/81 MP: 22/22
 24420 | D:12     | Noticed Sonja
 24424 | D:12     | Killed Sonja
 24435 | D:12     | Identified a +1 rod of inaccuracy (10/10) (You found it on level 6 of the Lair of Beasts)
 24974 | D:13     | Noticed Rupert
 25069 | D:12     | Killed Rupert
 25069 | D:12     | Reached skill level 19 in Dodging
 25170 | D:12     | HP: 4/81 [smoke demon/divine providence[a kobold demonologist] (14)]
 26917 | D:13     | Found a gate to the Vaults.
 26999 | D:14     | Noticed Agnes
 27461 | D:13     | Reached skill level 20 in Dodging
 29720 | D:9      | Acquired Dithmenos's fourth power
 29725 | Orc:1    | Entered Level 1 of the Orcish Mines
 31153 | Orc:2    | Found a bloodstained altar of Trog.
 31915 | Orc:4    | Entered Level 4 of the Orcish Mines
 31924 | Orc:4    | Found a staircase to the Elven Halls.
 31927 | Orc:4    | Reached skill level 1 in Invocations
 32227 | Orc:4    | Found Vitt's Jewellery Emporium.
 32227 | Orc:4    | Found Ginug's Magic Scroll Shop.
 32228 | Orc:4    | Found Utzuyjav's Book Shop.
 32228 | Orc:4    | Found Sashrykh's Food Shoppe.
 32268 | Orc:4    | Reached XP level 15. HP: 62/85 MP: 23/23
 32781 | Orc:4    | Reached skill level 1 in Evocations
 33315 | Orc:4    | Reached skill level 5 in Evocations
 34586 | Orc:4    | Bought an Akashic Record for 1656 gold pieces
 35678 | Snake:1  | Entered Level 1 of the Snake Pit
 36016 | Snake:1  | HP: 4/85 [anaconda (2)]
 36040 | Snake:1  | Shot with an arrow by a naga sharpshooter

Vault maps used:
D:1:      dpeg_arrival_ternary, minmay_misc_feat_tiny, st_stairs_14,
          minmay_misc_feat_more_columns
D:2:      nicolae_overflow_crystal_walls, lemuel_coloured_pillars_altar,
          first_bread
D:3:      grunt_temple_overflow_open
D:4:      serial_shops, shop
D:5:      elyvilon_altar_5, fountainhead
D:6:      kennysheep_little_box, old_standard_altar, bloody_trog,
          minmay_temple_entry_nine_rooms, uniq_duvessa
D:7:      basic_altar, grunt_livestock
D:8:      tgw_sif, serial_shops, shop_coins, grunt_ministairs_6, uniq_psyche,
          uniq_prince_ribbit1
D:9:      grunt_temple_overflow_holy_war, kennysheep_mini, grunt_gozag_statues,
          lair_0_dummy, david_orc_5, uniq_joseph, uniq_pikel
D:10:     orc_0_dummy
D:11:     enter_trove_1
D:12:     enter_bailey_7, uniq_sonja
D:13:     erik_vaults_2, uniq_rupert
D:14:     serial_park_square2, kennysheep_decorative_pillar, uniq_agnes
Temple:   circular_temple_6
Lair:1:   st_stairs_5, serial_bayou_shore_b
Lair:2:   beast_lair_carwin_5, serial_bayou_shore_a
Lair:3:   serial_bayou_pond_e, grunt_forest_stairs_clearing, grunt_megastairs_2
Lair:4:   minmay_snake_entry_guardpost_small, uniq_urug, uniq_maud
Lair:5:   minmay_swamp_entry_wisps
Snake:1:  lemuel_fruit_tree
Orc:1:    amalloy_card_club
Orc:2:    trog_hazing_becter
Orc:3:    nicolae_orc_pool_cavern
Orc:4:    st_orc_ogre_mass
Bailey:   bailey_polearm_4, bailey

Action                   |  1- 3 |  4- 6 |  7- 9 | 10-12 | 13-15 || total
-------------------------+-------+-------+-------+-------+-------++-------
Melee: Dagger            |    69 |   143 |   620 |  1370 |  2549 ||  4751
 Fire: Blowgun           |       |       |       |    18 |    92 ||   110
Throw: Throwing net      |       |       |       |     1 |     2 ||     3
 Cast: Blink             |       |       |       |     1 |    78 ||    79
       Shroud of Golubri |       |       |       |     3 |     3 ||     6
Invok: Shadow Step       |       |       |       |     2 |     2 ||     4
Evoke: Wand              |       |       |       |     1 |     2 ||     3
       Rod               |       |       |       |       |    12 ||    12
  Use: Scroll            |       |     6 |     4 |     9 |    16 ||    35
       Potion            |       |     4 |     3 |     8 |    13 ||    28
 Stab: Sleeping          |    13 |    14 |    16 |    84 |    97 ||   224
       Distracted        |     1 |       |     2 |     7 |    20 ||    30
       Held in net/web   |       |       |       |     1 |       ||     1
       Fleeing           |       |       |       |     1 |       ||     1
       Confused          |       |       |       |       |     1 ||     1
  Eat: Chunk             |    10 |     6 |     8 |    40 |    59 ||   123
       Meat ration       |       |       |       |     1 |     1 ||     2
       Pizza             |       |       |       |     1 |       ||     1
       Beef jerky        |       |       |       |       |     1 ||     1
